 Dungeon Crawl Stone Soup version 0.25-a0-166-g16436c4407 (webtiles) character file.

Game seed: 8106466017535033304, levelgen mode: classic

40 EnegeticOcto the Skirmisher (level 3, -1/22 HPs)
             Began as a Deep Elf Fighter on Nov 24, 2019.
             Killed from afar by a leopard gecko (19 damage)
             ... with an exploding inner flame
             ... hexed by the player character
             ... on level 2 of the Dungeon.
             The game lasted 00:02:22 (2065 turns).

EnegeticOcto the Skirmisher (Deep Elf Fighter)      Turns: 2065, Time: 00:02:22

Health: -1/22      AC:  6    Str: 18    XL:     3   Next: 30%
Magic:  5/5        EV:  7    Int: 12    God:
Gold:   66         SH:  9    Dex: 14    Spells: 2/2 levels left

rFire    . . .     SeeInvis .   a - +0 long sword
rCold    . . .     Gourm    .   c - +0 shield
rNeg     . . .     Faith    .   b - +0 scale mail
rPois    .         Spirit   .   (no helmet)
rElec    .         Reflect  .   (no cloak)
rCorr    .         Harm     .   (no gloves)
MR       .....                  (no boots)
Stlth    ..........             (no amulet)
HPRegen  0.07/turn              l - +4 ring of strength
MPRegen  0.09/turn              (no ring)

@: no status effects
A: no striking features
a: no special abilities


You were on level 2 of the Dungeon.
You were not hungry.

You visited 1 branch of the dungeon, and saw 2 of its levels.

You collected 66 gold pieces.

Inventory:

Hand Weapons
 a - a +0 long sword (weapon)
Missiles
 h - 41 arrows
Armour
 b - a +0 scale mail (worn)
 c - a +0 shield (worn)
 i - a +0 large shield
Jewellery
 l - a +4 ring of strength (left hand)
Scrolls
 g - a scroll of remove curse {@r2}
 o - 2 scrolls of amnesia
Potions
 d - a potion of heal wounds {@q2 !q}
 j - a potion of haste {unknown}
 k - a potion of curing {unknown}
Comestibles
 e - 2 rations
 n - a chunk of flesh


   Skills:
 + Level 2.7 Fighting
 * Level 2.5 Long Blades
 - Level 2.4 Armour
 + Level 1.3 Dodging
 + Level 2.6 Shields


You had 2 spell levels left.
You didn't know any spells.
Your spell library was empty.

Dungeon Overview and Level Annotations

Branches:
Dungeon (2/15)

Altars:


Message History

No target in view!
You stumble into a teleport trap!
You are suddenly yanked towards a nearby monster!
Your surroundings suddenly seem different.
A leopard gecko comes into view.
The leopard gecko hisses angrily.
You open the door. The leopard gecko barely misses you.
There is an open door here.
You slash the leopard gecko!
You kill the leopard gecko!
No target in view!
No target in view!
A goblin comes into view. It is wielding a +0 dagger.
The goblin shouts!
Found a runed rapier.
There is an open door here.
You slash the goblin!
You kill the goblin!
No target in view!
No target in view!
Things that are here:
a +0 dagger; a goblin corpse
Found a scroll labeled SUBOFE LYUMMIMA.
Found 19 arrows.
You see here a runed rapier.
m - a runed rapier It sticks to your hand!
m - a cursed -1 rapier (weapon)
As you read the scroll of remove curse {@r2}, it crumbles to dust.
You feel as if something is helping you.
a - a +0 long sword (weapon)
Drop what? 13/52 slots (_ for help) (? for menu, Esc to quit)
You drop a -1 rapier.
You feel stronger.
l - a +4 ring of strength (left hand)
h - 41 arrows (gained 19)
You see here a -1 rapier.
m - a scroll labeled SUBOFE LYUMMIMA You butcher the goblin corpse.
n - 2 chunks of flesh
Things that are here:
a +0 dagger; a goblin skeleton
Things that are here:
a +0 dagger; a goblin skeleton Eating one of 2 chunks of flesh.
You eat one of the 2 chunks of flesh.
This raw flesh tastes terrible.
There is an open door here.
Found a ring mail.
o - 3 scrolls labeled KIATACAUCW A hobgoblin comes into view.
It is wielding a -1 club.
The hobgoblin shouts!
You hear an angry hiss.
A leopard gecko comes into view.
The leopard gecko hisses angrily.
The hobgoblin hits you but does no damage.
An adder comes into view.
Found 4 gold pieces.
You slash the hobgoblin!
You kill the hobgoblin!
As you read the scroll labeled KIATACAUCW, it crumbles to dust.
It is a scroll of amnesia.
You feel forgetful for a moment.
As you read the scroll labeled SUBOFE LYUMMIMA, it crumbles to dust.
You feel aware of your surroundings.
You sensed 1 altar.
It was a scroll of magic mapping.
As you read the scroll labeled HEUFUFFISAE, it crumbles to dust.
The creatures around you are filled with an inner flame!
It was a scroll of immolation.
You block the leopard gecko's attack.
Okay, then.
Okay, then.
It was a potion of heal wounds.
You feel much better.
You block the leopard gecko's attack. x2
As you open the door, it creaks loudly! You block the leopard gecko's attack.
There is an open door here.
You block the leopard gecko's attack. You block the leopard gecko's attack.
The leopard gecko barely misses you. You block the leopard gecko's attack.
The leopard gecko bites you but does no damage.
The leopard gecko bites you but does no damage. x2
The leopard gecko barely misses you.
The leopard gecko bites you but does no damage.
The leopard gecko bites you. You block the leopard gecko's attack.
The leopard gecko bites you. You block the leopard gecko's attack.
You block the leopard gecko's attack.
The leopard gecko bites you but does no damage.
The leopard gecko bites you but does no damage.
You block the leopard gecko's attack. The leopard gecko closely misses you.
You block the leopard gecko's attack. You block the leopard gecko's attack.
You block the leopard gecko's attack. The leopard gecko bites you.
You block the leopard gecko's attack. The leopard gecko closely misses you.
You riposte.
You slash the leopard gecko!
The leopard gecko explodes!
The fiery explosion engulfs you!!
Ouch! That really hurt!
You die...

*,,,,,,,,,,,,,,,,,,,,,,,*,* #..
***,,,,,,,,,,,,*******,*,,*,* #..
*,,,,,,,,,,,,,,,,,****,*,,*,**#..
+,,,,,,,,,,,,,,,,,>,,,,,,,.......
*,,,,,,,,,,,,,,**,****,,,,#.#....
*,,,,,,,,,,,,,,**,*******,*,#.#.#
*,,,,,,,,,,,,,,**,,,,,,,,<,,#...#
*,,,**********######********#####
***** *,,,#.@'S##,,*,,*,,*,,+
**#...##ยง.##,,,**,**,**
*,##..#....##,,*,,*,,*,
*,...###..#[##,,,**,***
*##..#.....#.##,,*,,*,,
*,#.###.......##,,,***,
*,..#.)##......##,,*,.#
*#.##.$,##......##**#.,
*,,#...**##....#.##,.##


You could see an adder (inner flame).

Vanquished Creatures
  An ooze (D:1)
  2 dart slugs (D:1)
  2 leopard geckos
  3 goblins
  8 hobgoblins
  4 jackals (D:1)
  A bat (D:2)
  3 kobolds (D:1)
  3 rats (D:1)
27 creatures vanquished.

Notes
Turn   | Place    | Note
-------+----------+-------------------------------------------
     0 | D:1      | EnegeticOcto the Deep Elf Fighter began the quest for the
                  | Orb.
     0 | D:1      | Reached XP level 1. HP: 13/13 MP: 3/3
     0 | D:1      | Noticed an octopode
     3 | D:1      | Noticed a minotaur skeleton
     6 | D:1      | Noticed a vampire
     9 | D:1      | Noticed a centaur
    12 | D:1      | Noticed a spriggan
    18 | D:1      | Noticed a merfolk zombie
    20 | D:1      | Noticed a minotaur
   376 | D:1      | Reached XP level 2. HP: 14/18 MP: 4/4
   673 | D:1      | Reached skill level 1 in Dodging
  1523 | D:1      | Reached XP level 3. HP: 22/22 MP: 5/5
  2065 | D:2      | Killed from afar by a leopard gecko

Levels and vault maps discovered:
D:1:      shiori_arrival_whats_in_store_for_you, layout_basic
D:2:      minmay_razor_zed, layout_basic,
          nicolae_gozag_cash_rules_everything_around_me, uniq_sigmund

Skill      XL: |  1  2 |
---------------+-------+-----
Long Blades    | 2 |  2.5
Dodging        | 1 |  1.3
Fighting       | |  2.7
Armour         | |  2.4
Shields        | |  2.6

Action                   || total
-------------------------++-------
Melee: Long sword        ||   106
  Use: Potion            ||     2
       Scroll            ||     5
  Eat: Chunk             ||     4
Armor: Scale mail        ||    43
Dodge: Dodged            ||    31
Block: Shield            ||    60
       Rpst.: Long sword ||     7

Table legend:
 A = Non-vault XP
 B = Vault XP
 C = Vault XP percentage of total XP
 D = Non-vault monster count
 E = Vault monster count
 F = Vault count percentage of total count
                 A         B        C        D         E       F
            +---------+---------+-------+---------+---------+-------
      Total |      56 |       2 |   3.4 |      26 |       1 |   3.7
            +---------+---------+-------+---------+---------+-------
        D:1 |      50 |       0 |   0.0 |      23 |       0 |   0.0
        D:2 |       6 |       2 |  25.0 |       3 |       1 |  25.0
            +---------+---------+-------+---------+---------+-------
